Map: Frost LE

Players

blackxored

  • Race: Zerg Zerg
  • League: Platinum

Kanelbullen - Winner!

  • Race: Zerg Zerg
  • League: Platinum

VOD

Have the link to the VOD?

Description

Time

  • Played on: June 29, 2016, 5:52 p.m.
  • Length: 8:09
Show
View Real Time Build Order
Export as new Build Order

blackxored Zerg 

Build Orders: Hatch First 

Get SALT Encoding   

  12  0:02  Drone  
  13  0:08  Drone  
  14  0:17  Overlord  
  14  0:23  Extractor  
  14  0:24  Drone  
  15  0:36  Drone  
  15  0:37  Drone  
  17  0:53  Hatchery  
  17  0:57  Drone  
  17  0:59  Drone  
  18  1:11  Extractor  
  18  1:16  Spawning Pool  
  17  1:18  Drone  
  17  1:21  Drone  
  18  1:28  Drone  
  19  1:39  Drone  
  20  1:50  Overlord  
  20  2:03  Zergling x2, Spine Crawler  
  20  2:04  Queen  
  20  2:05  Queen  
  20  2:06  Zergling x2  
  25  2:13  Zergling x2  
  26  2:15  Metabolic Boost  
  26  2:26  Drone x2  
  28  2:35  Zergling x4  
  30  2:39  Drone  
  30  2:40  Baneling Nest  
  30  3:01  Drone x2  
  30  3:02  Drone x2  
  30  3:04  Overlord  
  34  3:21  Zergling x4  
  34  3:26  Overlord  
  36  3:30  Hatchery  
  34  3:34  Baneling  
  34  3:35  Baneling  
  34  3:36  Baneling  
  34  3:46  Drone  
  34  3:49  Roach Warren, Extractor, Drone x3  
  34  3:52  Drone  
  35  4:01  Queen  
  37  4:08  Lair  
  37  4:17  Drone  
  37  4:18  Drone x3  
  41  4:27  Baneling  
  41  4:28  Baneling x2  
  41  4:30  Roach x2  
  45  4:33  Roach  
  45  4:38  Overlord  
  47  4:45  Drone  
  47  4:46  Drone  
  48  4:53  Roach x3  
  51  5:02  Roach  
  51  5:03  Roach x2  
  57  5:08  Roach  
  59  5:16  Overlord  
  59  5:20  Glial Reconstitution  
  59  5:27  Drone, Evolution Chamber  
  59  5:34  Queen  
  61  5:39  Overseer  
  61  5:45  Roach x3  
  67  5:54  Overlord  
  67  5:55  Overlord x2  
  65  6:13  Roach  
  65  6:14  Roach x5  
  69  6:23  Roach x4  
  77  6:27  Zergling x2  
  77  6:28  Zergling x8  
  82  6:35  Overlord  
  82  6:40  Roach  
  65  6:55  Roach x2  
  65  7:00  Roach x4  
  65  7:01  Roach  
  70  7:02  Zergling x4  
  64  7:08  Zergling x2  
  64  7:13  Zergling x2  
  59  7:19  Roach  
  59  7:22  Roach  
  54  7:28  Roach  
  52  7:32  Roach  
  48  7:42  Extractor, Drone  
  48  7:43  Extractor  
  48  7:44  Roach  
  47  7:49  Zergling x2  
  48  7:54  Spine Crawler  
Show
View Real Time Build Order
Export as new Build Order

Kanelbullen Zerg - Winner!

Build Orders: Hatch First 

Get SALT Encoding   

  12  0:01  Drone  
  13  0:14  Overlord  
  13  0:20  Drone  
  14  0:33  Drone x2  
  16  0:36  Drone  
  17  0:54  Hatchery  
  16  0:59  Drone  
  16  1:00  Drone  
  18  1:08  Extractor  
  17  1:18  Spawning Pool  
  16  1:22  Drone x2  
  18  1:30  Drone  
  19  1:50  Drone  
  19  1:52  Drone  
  21  2:02  Overlord  
  21  2:06  Queen x2  
  21  2:08  Drone  
  26  2:13  Zergling x2  
  27  2:21  Zergling x2  
  28  2:25  Drone  
  29  2:33  Roach Warren  
  28  2:37  Drone  
  28  2:38  Drone  
  28  2:39  Zergling x2  
  31  2:45  Evolution Chamber  
  31  2:47  Drone  
  31  2:52  Drone  
  31  2:58  Drone  
  34  3:05  Drone  
  34  3:14  Zerg Missile Weapons Level 1  
  34  3:16  Roach  
  34  3:18  Overlord x2  
  36  3:23  Lair  
  36  3:32  Overlord  
  36  3:37  Roach  
  36  3:38  Roach x2  
  36  3:40  Zergling x2  
  36  3:41  Zergling x2  
  44  3:53  Roach x2  
  48  3:59  Roach  
  50  4:03  Extractor  
  49  4:12  Extractor, Roach, Drone x3  
  49  4:13  Drone x4  
  57  4:17  Drone  
  58  4:35  Overlord x3  
  58  4:41  Drone x2  
  58  4:43  Overlord  
  58  4:44  Overlord  
  60  4:54  Roach  
  60  4:55  Roach x4  
  70  5:05  Drone  
  71  5:08  Glial Reconstitution  
  71  5:16  Drone  
  71  5:17  Drone  
  73  5:22  Roach  
  75  5:28  Overseer  
  75  5:35  Zerg Missile Weapons Level 2  
  75  5:38  Roach x3  
  81  5:47  Roach x2  
  81  5:49  Roach  
  87  5:55  Roach x2  
  87  5:56  Zergling x8  
  95  6:09  Roach  
  95  6:10  Roach x2  
  96  6:18  Roach  
  96  6:22  Roach  
  100  6:26  Overlord x5  
  100  6:34  Overlord  
  98  6:53  Roach x3  
  98  6:54  Roach x6  
  98  6:59  Roach x3  
  90  7:09  Roach  
  88  7:21  Roach x4  
  88  7:22  Roach x2  
  88  7:31  Roach  
  88  7:34  Roach  
  88  7:43  Roach  
  88  7:44  Roach  
  90  7:50  Drone  
  93  7:54  Hatchery  
Tags
 
Add a new tag
Caveats
  • Supply blocks, unpowered buildings, or Contaminate may cause inaccurate times.
  • Supply counts are checked every 10 seconds.